 Dungeon Crawl Stone Soup version 0.30-a0-364-gf6b3ef1049 (webtiles) character file.

Game seed: 13498246111306878986

1129 purpskrrrp the Chopper (level 8, -4/62 HPs)
             Began as a Demonspawn Fighter on Nov 15, 2022.
             Was a Follower of Makhleb.
             Slain by a two-headed ogre
             ... wielding a +0 giant spiked club
              (20 damage)
             ... on level 8 of the Dungeon.
             The game lasted 00:09:54 (4506 turns).

purpskrrrp the Chopper (Demonspawn Fighter)         Turns: 4506, Time: 00:09:55

Health: -4/62      AC:  7    Str: 18    XL:     8   Next: 13%
Magic:  8/8        EV: 10    Int: 13    God:    Makhleb [*.....]
Gold:   319        SH:  5    Dex: 12    Spells: 7/7 levels left

rFire   . . .      SeeInvis .    a - +2 war axe (elec)
rCold   . . .      Faith    .    c - +0 buckler
rNeg    + . .      Spirit   .    b - +0 scale mail
rPois   .          Reflect  .    (no helmet)
rElec   .          Harm     .    (no cloak)
rCorr   .          Rampage  .    (no gloves)
Will    .....                    (no boots)
Stlth   ..........               (no amulet)
HPRegen 0.30/turn                o - ring of positive energy
MPRegen 0.11/turn                (no ring)

@: hasted, very quick
A: hooves 2, ignite blood 1, spiny 1, clever 1, high MP 1, wild magic 1
a: Renounce Religion


You were on level 8 of the Dungeon.
You worshipped Makhleb.
Makhleb was aware of your devotion.
You visited 1 branch of the dungeon, and saw 7 of its levels.
You also visited: Ossuary.

You collected 319 gold pieces.

Inventory:

Hand Weapons
 a - a +2 war axe of electrocution (weapon)
Missiles
 u - a throwing net (quivered)
Armour
 b - a +0 scale mail (worn)
 c - a +0 buckler (worn)
Jewellery
 j - a +6 ring of strength
 m - a ring of wizardry
 n - a ring of protection from fire
 o - a ring of positive energy (left hand)
Scrolls
 h - a scroll of fear
 p - 2 scrolls of teleportation
 q - a scroll of silence {unknown}
 r - a scroll of magic mapping
Potions
 d - a potion of invisibility {unknown}
 e - 6 potions of curing
 f - 2 potions of haste
 g - 4 potions of attraction
 i - a potion of cancellation {unknown}
 k - a potion of ambrosia {unknown}
 l - a potion of magic {unknown}
 s - a potion of degeneration {unknown}
 t - 2 potions of flight {unknown}


   Skills:
 + Level 5.3 Fighting
 * Level 6.1 Axes
 + Level 4.0 Armour
 + Level 2.6 Dodging
 + Level 3.9 Shields


You had 7 spell levels left.
You didn't know any spells.
Your spell library contained the following spells:

 Spells                   Type           Power      Damage    Failure   Level
 Magic Dart               Conj           0%         1d3       83%         1
 Sting                    Tmut/Pois      0%         1d3       83%         1
 Ensorcelled Hibernation  Hex/Ice        0%         N/A       92%         2
 Poisonous Vapours        Pois/Air       0%         N/A       92%         2
 Searing Ray              Conj           0%         2d4       92%         2
 Spider Form              Tmut/Pois      0%         N/A       99%         3
 Anguish                  Hex/Necr       0%         N/A       100%        4
 Animate Dead             Necr           0%         N/A       100%        4
 Fulminant Prism          Conj/Hex       0%         3d5       100%        4
 Olgreb's Toxic Radiance  Pois           0%         N/A       100%        4
 Haunt                    Necr/Summ      0%         N/A       100%        7
 Infestation              Necr           0%         N/A       100%        8


Dungeon Overview and Level Annotations

Branches:
Dungeon (8/15)             Temple (0/1) D:6         Ossuary (visited)
   Lair: D:8-11

Altars:
Ashenzari
Cheibriados
Fedhas
Gozag
Kikubaaqudgha
Makhleb
Yredelemnul

Shops:
D:1 [


Innate Abilities, Weirdness & Mutations

You have hoof-like feet.
Your demonic aura sometimes causes spilled blood to erupt in flames.
You are partially covered in sharp spines.
Your mind is acute. (Int +4, Str/Dex -1)
You have an increased reservoir of magic. (+10% MP)
Your spells are a little harder to cast, but a little more powerful.


Message History

No target in view!
No target in view!
No target in view!
Found a stone staircase leading up.
You pick up a book of Death and begin reading...
You add the spells Animate Dead, Haunt and Infestation to your library.
There is an open door here.
There is an open door here.
Found a dagger.
There is an open door here.
A sourceless malevolence fills the Dungeon...
You fall into a shaft and drop 2 floors!
The shaft crumbles and collapses.
Found a scroll labelled DAOTIM EBET.
Found a stone staircase leading up and a stone staircase leading down.
A two-headed ogre comes into view.
It is wielding a +0 giant spiked club and a +0 giant club.
The two-headed ogre shouts in stereo!
Okay, then.
You feel yourself speed up.
A shadow imp comes into view.
There is a stone staircase leading up here.
You closely miss the two-headed ogre.
The shadow imp shouts!
You hit the two-headed ogre but do no damage.
Your kick misses the two-headed ogre.
The two-headed ogre is struck by your spines.
The two-headed ogre hits you with a +0 giant spiked club!
The two-headed ogre hits you with a +0 giant club!
You slash the two-headed ogre! You kick the two-headed ogre!
The two-headed ogre is heavily wounded.
The two-headed ogre hits you with a +0 giant spiked club!
* * * LOW HITPOINT WARNING * * *
You block the two-headed ogre's attack.
You slash the two-headed ogre!
You kick the two-headed ogre, but do no damage.
The two-headed ogre is severely wounded.
You hit the two-headed ogre.
The two-headed ogre is severely wounded.
The two-headed ogre hits you with a +0 giant spiked club!!
You die...

....###.#
........#
.......#
......#
#....>#
#5....#
#######O°...#
......?@°...#
#######.....#
#.....#
#.....#
#.#.#.#
...#.#.#
#####.#.#
..... ##...


You could see a two-headed ogre and a shadow imp.

Vanquished Creatures
  Edmund (D:5)
  A water moccasin (D:6)
  An ice beast (D:6)
  An ogre (D:6)
  3 phantoms
  A gnoll sergeant (D:5)
  A scorpion (D:6)
  2 hounds
  A jelly (D:5)
  Ijyb (D:3)
  2 iguanas (D:5)
  3 mummies
  7 gnolls (D:5)
  4 adders
  A white imp (D:6)
  2 ufetubi
  A worm (D:2)
  2 dart slugs
  3 orcs
  6 ball pythons
  9 endoplasms
  2 giant cockroaches (D:2)
  4 goblins
  3 hobgoblins
  6 jackals
  2 kobolds
  4 quokkas
  A bat (D:1)
  3 frilled lizards
  2 goblin zombies (Ossuary)
  13 hobgoblin zombies (Ossuary)
  2 jackal zombies (Ossuary)
  12 kobold zombies (Ossuary)
  7 orc zombies (Ossuary)
  4 rats
  A rat zombie (Ossuary)
119 creatures vanquished.

Vanquished Creatures (others)
  A plant (D:2)
1 creature vanquished.

Grand Total: 120 creatures vanquished

Notes
Turn   | Place    | Note
-------+----------+-------------------------------------------
     0 | D:1      | purpskrrrp the Demonspawn Fighter began the quest for the
                  | Orb.
     0 | D:1      | Reached XP level 1. HP: 18/18 MP: 1/1
    17 | D:1      | Reached skill level 2 in Axes
    45 | D:1      | Found Daece's Antique Armour Boutique.
   235 | D:1      | Discovered your monstrous ancestry.
   235 | D:1      | Gained mutation: You have large cloven feet. [demonic
                  | ancestry]
   235 | D:1      | Reached XP level 2. HP: 20/24 MP: 2/2
   870 | D:2      | Gained mutation: You are partially covered in sharp spines.
                  | [demonic ancestry]
   870 | D:2      | Reached XP level 3. HP: 29/29 MP: 3/3
   893 | D:2      | Reached skill level 3 in Axes
  1398 | D:3      | Noticed Ijyb
  1406 | D:3      | Killed Ijyb
  1407 | D:3      | Gained mutation: Your demonic aura sometimes causes spilled
                  | blood to erupt in flames. [demonic ancestry]
  1407 | D:3      | Reached XP level 4. HP: 29/37 MP: 4/4
  2241 | D:4      | Found a sand-covered staircase.
  2332 | Ossuary  | Entered an ossuary
  2437 | Ossuary  | Reached skill level 4 in Axes
  2437 | Ossuary  | Reached XP level 5. HP: 42/42 MP: 5/5
  2529 | Ossuary  | Gained mutation: You have hoof-like feet. [potion of
                  | mutation]
  2529 | Ossuary  | Gained mutation: Your body sometimes deteriorates upon
                  | taking damage. [potion of mutation]
  2530 | Ossuary  | Lost mutation: You have hoof-like feet. [potion of
                  | mutation]
  2530 | Ossuary  | Lost mutation: Your body sometimes deteriorates upon taking
                  | damage. [potion of mutation]
  2530 | Ossuary  | Gained mutation: You occasionally shout uncontrollably at
                  | your foes. [potion of mutation]
  2531 | Ossuary  | Lost mutation: You occasionally shout uncontrollably at
                  | your foes. [potion of mutation]
  2531 | Ossuary  | Gained mutation: You are clumsy. (Dex -2) [potion of
                  | mutation]
  2531 | Ossuary  | Gained mutation: You are frail. (-10% HP) [potion of
                  | mutation]
  2742 | D:4      | Found a basalt altar of Yredelemnul.
  2742 | D:4      | Found an ancient bone altar of Kikubaaqudgha.
  2744 | D:4      | Found an opulent altar of Gozag.
  2744 | D:4      | Found a burning altar of Makhleb.
  2745 | D:4      | Found a blossoming altar of Fedhas.
  2745 | D:4      | Found a broken altar of Ashenzari.
  2746 | D:4      | Found a snail-covered altar of Cheibriados.
  2958 | D:4      | Lost mutation: You are clumsy. (Dex -2) [potion of
                  | mutation]
  2958 | D:4      | Lost mutation: You are frail. (-10% HP) [potion of
                  | mutation]
  2958 | D:4      | Gained mutation: Your mind is acute. (Int +4, Str/Dex -1)
                  | [potion of mutation]
  2958 | D:4      | Gained mutation: Your spells are a little harder to cast,
                  | but a little more powerful. [potion of mutation]
  2958 | D:4      | Gained mutation: You have an increased reservoir of magic.
                  | (+10% MP) [potion of mutation]
  2970 | D:4      | Became a worshipper of Makhleb the Destroyer
  2982 | D:5      | Entered Level 5 of the Dungeon
  3161 | D:5      | Reached XP level 6. HP: 20/49 MP: 6/6
  3187 | D:5      | Reached skill level 1 in Dodging
  3326 | D:5      | Reached skill level 5 in Axes
  3626 | D:5      | Noticed Edmund
  3639 | D:5      | Killed Edmund
  3640 | D:5      | Gained mutation: You have hoof-like feet. [demonic
                  | ancestry]
  3640 | D:5      | Reached XP level 7. HP: 39/55 MP: 7/7
  4040 | D:6      | Reached skill level 5 in Fighting
  4157 | D:6      | Reached * piety under Makhleb
  4233 | D:6      | Reached skill level 6 in Axes
  4233 | D:6      | Reached XP level 8. HP: 52/62 MP: 8/8
  4271 | D:6      | Found a staircase to the Ecumenical Temple.
  4496 | D:6      | You fall into a shaft and drop 2 floors!
  4497 | D:8      | Noticed a two-headed ogre
  4506 | D:8      | Slain by a two-headed ogre

Illustrated notes

Levels and vault maps discovered:
D:1:      dpeg_arrival_shelter, layout_loops_ring, serial_shops,
          nicolae_shop_overgrown_old_shop
D:2:      cheibrodos_old_hovel, layout_basic, serial_corexii_hall,
          corexii_hall_statues_deadend, chequers_hall_statues_y
D:3:      layout_basic, uniq_ijyb
D:4:      layout_rooms, grunt_temple_overflow_open, gup_ossuary_entry_pyramid
D:5:      dreamdust_elfheim, layout_cave_pools, grunt_ministairs_3, uniq_edmund
D:6:      layout_gridville, minmay_temple_entry_glass
D:8:      layout_basic, uniq_prince_ribbit1, uniq_maurice, uniq_maggie

Skill      XL: |  1  2  3  4  5  6  7  8 |
---------------+-------------------------+-----
Axes           | 2 3 4 5 6 |  6.1
Fighting       | 4 5 |  5.3
Armour         | 3 4 |  4.0
Shields        | 3 |  3.9
Dodging        | 1 2 |  2.6

Action                   |  1- 3 |  4- 6 |  7- 9 || total
-------------------------+-------+-------+-------++-------
Melee: War axe           |    80 |   108 |    31 ||   219
       Kick              |    17 |    27 |    13 ||    57
  Use: Scroll            |     6 |     9 |       ||    15
       Potion            |     2 |    10 |     1 ||    13
Armor: Scale mail        |    36 |    27 |     8 ||    71
Dodge: Dodged            |    39 |    26 |    10 ||    75
Block: Buckler           |    19 |    17 |     4 ||    40

Table legend: (Time is in decaauts)
 A = Elapsed time spent in this place.
 B = Non-inter-level travel time spent in this place.
 C = Inter-level travel time spent in this place.
 D = Time resting spent in this place.
 E = Time spent auto-exploring this place.
 F = Levels seen in this place.
 G = Mean time per level.
                   A        B        C        D        E       F      G
               +--------+--------+--------+--------+--------+-----+--------+
         Total |   4540 |   4407 |    133 |    114 |   3554 |   8 |  567.5 |
       Dungeon |   4313 |   4180 |    133 |    114 |   3467 |   7 |  616.1 |
       Ossuary |    226 |    226 |      0 |      0 |     87 |   1 |  226.0 |
               +--------+--------+--------+--------+--------+-----+--------+

Top non-repeatable levels by time:
     D:5: 950 daAuts
     D:3: 847 daAuts
     D:1: 693 daAuts
     D:2: 681 daAuts
     D:4: 588 daAuts
     D:6: 543 daAuts
 Ossuary: 226 daAuts
     D:8: 8 daAuts
